 Dungeon Crawl Stone Soup version 0.21.1-1-g345015f (webtiles) character file.

373439 eccles the Hoplite (level 21, -3/205 HPs)
             Began as a Minotaur Berserker on May 17, 2018.
             Was the Champion of Trog.
             Killed from afar by a deep elf sorcerer (28 damage)
             ... with a bolt of acid
             ... on level 3 of the Elven Halls on May 30, 2018.
             The game lasted 07:43:13 (48071 turns).

eccles the Hoplite (Minotaur Berserker)            Turns: 48071, Time: 07:43:14

Health: -3/205     AC: 22    Str: 26    XL:     21   Next: 74%
Magic:  18/18      EV: 17    Int:  4    God:    Trog [******]
Gold:   3201       SH: 28    Dex: 25    Spells: 20/20 levels left

rFire    + + +     SeeInvis +   U - +7 demon blade (vamp)
rCold    + + .     Gourm    .   F - +2 large shield
rNeg     + + .     Faith    .   t - +2 plate armour {rC+}
rPois    +         Spirit   .   V - +1 hat {MR+}
rElec    +         Reflect  .   q - +2 cloak {rPois}
rCorr    .         Harm     .   i - +0 pair of fencer's gloves {+Riposte Dex+3}
MR       +++++                  d - +3 pair of boots of the Morning {rF+ rC+}
Stlth    ..........             g - amulet of Miuno {+Rage rElec rF+ rC+}
HPRegen  0.44/turn              e - ring of Bacor {Fire rN+ MR++ Str+3 Slay-4}
MPRegen  0.16/turn              J - ring "Eliogah" {rPois rN+ Str-2 Dex+5 SInv}

@: corroded
A: retaliatory headbutt, horns 2, low mp 1, magic resistance 1
}: 2/15 runes: serpentine, barnacled
a: Berserk, Trog's Hand, Brothers in Arms, Burn Spellbooks, Renounce Religion,
Evoke Berserk Rage


You were on level 3 of the Elven Halls.
You worshipped Trog.
Trog was exalted by your worship.
You were not hungry.

You visited 8 branches of the dungeon, and saw 39 of its levels.
You visited 1 bazaar.
You also visited: Ice Cave.

You collected 5024 gold pieces.
You spent 1823 gold pieces at shops.

Inventory:

Hand Weapons
 a - the +8 whip "Snakebite" {curare, rPois}
   (You found it on level 4 of the Lair of Beasts)

   It poisons the flesh of those it strikes.
   It protects you from poison.
 p - the +1 war axe "Minotaur's Death" {chop, rC+ Str+3}
   (You took it off a deep elf annihilator on level 3 of the Elven Halls)

   It inflicts extra damage upon your enemies.
   It affects your strength (+3).
   It protects you from cold.
 R - the +7 great mace "Firestarter" {inner flame, rF++}
   (You found it on level 13 of the Dungeon)

   It has been specially enchanted to burn those struck by it, causing extra
   injury to most foes and up to half again as much damage against particularly
   susceptible opponents.
   It greatly protects you from fire.
 U - a +7 vampiric demon blade (weapon)
Missiles
 m - 1018 bolts
 n - 95 tomahawks (quivered)
Armour
 d - the +3 pair of boots of the Morning (worn) {rF+ rC+}
   (You bought it in a shop on level 4 of the Vaults)

   It protects you from fire.
   It protects you from cold.
 i - the +0 pair of fencer's gloves (worn) {+Riposte Dex+3}
   (You found it on level 4 of the Lair of Beasts)

   It affects your dexterity (+3).
 q - a +2 cloak of poison resistance (worn)
 t - a +2 plate armour of cold resistance (worn)
 F - a +2 large shield (worn)
 M - a +2 plate armour of fire resistance
 V - a +1 hat of magic resistance (worn)
Jewellery
 e - the ring of Bacor (left hand) {Fire rN+ MR++ Str+3 Slay-4}
   (You found it on level 15 of the Dungeon)

   [ring of fire]

   It enhances your fire magic.
   It affects your strength (+3).
   It affects your accuracy and damage with ranged weapons and melee attacks
   (-4).
   It protects you from fire.
   It makes you vulnerable to cold.
   It protects you from negative energy.
   It affects your resistance to hostile enchantments.
 f - an uncursed ring of flight
 g - the amulet of Miuno (around neck) {+Rage rElec rF+ rC+}
   (You found it on level 3 of the Lair of Beasts)

   [amulet of rage]

   It protects you from fire.
   It protects you from cold.
   It insulates you from electricity.
   It lets you go berserk.
 h - an uncursed amulet of the gourmand
 o - an uncursed ring of resist corrosion
 v - an uncursed ring of protection from magic
 z - an uncursed ring of protection from cold
 A - an uncursed ring of protection from fire
 J - the ring "Eliogah" (right hand) {rPois rN+ Str-2 Dex+5 SInv}
   (You found it in an ice cave)

   [ring of poison resistance]

   It affects your strength (-2).
   It affects your dexterity (+5).
   It protects you from poison.
   It protects you from negative energy.
   It lets you see invisible.
 O - a +3 ring of strength
 P - the ring "Waustr Meesh" {rElec Dex+4 Stlth-}
   (You found it on level 15 of the Dungeon)

   [ring of loudness]

   It affects your dexterity (+4).
   It insulates you from electricity.
   It makes you less stealthy.
 T - an uncursed ring of see invisible
 X - the brooch of Shielding {Reflect SH+8}
   (You took it off a deep elf elementalist on level 3 of the Elven Halls)

   [amulet of reflection]

   It shields you and reflects attacks.
   It affects your SH (+8).
Wands
 s - a wand of acid (4)
 x - a wand of iceblast (18)
 y - a wand of disintegration (43)
 H - a wand of digging (18)
 Q - a wand of enslavement (42)
 S - a wand of polymorph (13)
Scrolls
 b - a scroll of silence
 j - a scroll of magic mapping
 r - 6 scrolls of teleportation
 B - 8 scrolls of identify
 I - a scroll of blinking
 K - 4 scrolls of fear
 L - 9 scrolls of remove curse
 N - 5 scrolls of fog
 Z - 7 scrolls of enchant armour
Potions
 k - 2 potions of flight
 u - 5 potions of mutation
 w - 3 potions of might
 C - 3 potions of agility
 D - 20 potions of curing
 E - 2 potions of heal wounds
 G - a potion of resistance
 Y - 6 potions of brilliance
Miscellaneous
 W - a sack of spiders
Comestibles
 c - 30 rations
 l - 9 chunks of flesh


   Skills:
 + Level 21.5 Fighting
 + Level 20.3 Long Blades
 + Level 13.5 Maces & Flails
   Level 3.0 Polearms
   Level 3.2 Crossbows
 + Level 2.1 Throwing
 + Level 16.8 Armour
 + Level 11.4 Dodging
 + Level 4.1 Stealth
 + Level 23.3 Shields
 - Level 0.3 Evocations


You had 20 spell levels left.
You didn't know any spells.

Dungeon Overview and Level Annotations

Branches:
Dungeon (15/15)            Temple (0/1) D:7            Lair (6/6) D:10
 Shoals (4/4) Lair:4        Snake (4/4) Lair:2        Slime (1/5) Lair:6
    Orc (2/2) D:10            Elf (3/3) Orc:2        Vaults (4/5) D:14
  Crypt (0/3) Vaults:3     Depths (0/5) D:15

Altars:
Elyvilon
Hepliaklqana
Kikubaaqudgha
Okawaru
Sif Muna
Trog
Vehumet
Xom
Yredelemnul

Shops:
D:7 [}=(   D:9 =   D:12 =   D:13 }   D:15 ([(   Orc:2 [(**}!*   Elf:2 !
Snake:1 ?   Vaults:3 !   Vaults:4 =[*(:


Innate Abilities, Weirdness & Mutations

You reflexively headbutt those who attack you in melee.
You have a pair of horns on your head.
Your magical capacity is low. (-10% MP)
You are resistant to hostile enchantments. (MR+)


Message History

The bolt of acid misses you.
The deep elf high priest invokes the aid of its god against you.
Something smites you!
There is a large open door, spattered with blood here.
You see here a short sword.
The deep elf sorcerer casts a spell at you.
The sphere of damnation explodes!
The damnation engulfs you!
There is a large open door here.
The deep elf sorcerer gestures at you while chanting.
The sphere of damnation explodes!
The damnation engulfs you!
* * * LOW HITPOINT WARNING * * *
The deep elf sorcerer points at you and mumbles some strange words.
The bolt of acid hits you!
* * * LOW HITPOINT WARNING * * *
The acid corrodes you!
You are splashed with acid!
The acid burns!
* * * LOW HITPOINT WARNING * * *
The deep elf high priest shouts, "You must be punished!"
The deep elf sorcerer casts a spell at you.
The bolt of acid hits you!
You die...

.###'####.## ###'#.#.#..##....#.#
.##...##.## ##..[.(#..##..#..#...
#'.....'## ##(......##....#..#..#
#.......# #....(..#..#....#..##.
........####...().....#....#.....
#.^.....'[['[()........#....#....
##.....#####(.(..........##......
##...## #(.()./...######......
#'### ##.<)@...## ###...# #.#
##.....#+## #...# #.# #####'##.##
##'## #.# ###e###.## #.# #.#
##.....##.######'## #.#
##.......##.##.....# #.#
##.....x...##'..^.... #'###
#.<.........#........ ##...#
#e..........#........


You could see a deep elf sorcerer.

Vanquished Creatures
  Sojobo (Vaults:1)
  Bai Suzhen (Vaults:3)
  Frederick (Vaults:3)
  4 deep elf blademasters
  An ancient champion (Vaults:3)
  A sphinx (Vaults:1)
  Gastronok (D:11)
  Frances (Shoals:1)
  Polyphemus (Shoals:2)
  2 tengu reavers (Vaults:2)
  Donald (Vaults:1)
  2 storm dragons
  Ilsuiw (Shoals:3)
  10 nagarajas
  A fire giant (D:15)
  A frost giant (Vaults:3)
  6 deep elf sorcerers
  7 vault wardens
  Louise (D:15)
  3 deep elf elementalists
  Aizul (Vaults:1)
  The ghost of w0lly the Tortoise, a journeyman MiBe of Trog (D:15)
  5 ironheart preservers
  3 stone giants
  Azrael (D:15)
  8 deep elf annihilators
  5 deep elf demonologists
  A dire elephant (Lair:6)
  An eidolon (Vaults:3)
  An ettin (D:15)
  2 deep elf death magi (Elf:3)
  4 merfolk javelineers
  Josephine (D:15)
  5 great orbs of eyes
  A fire dragon (shapeshifter) (Elf:3)
  11 yaktaur captains
  3 deep elf high priests
  4 fire dragons
  8 merfolk impalers
  A rakshasa (Vaults:2)
  6 ice dragons
  7 vault guards
  A hydra (shapeshifter) (Vaults:1)
  20 naga warriors
  12 hydras
  An alligator snapping turtle (Shoals:4)
  22 two-headed ogres
  5 merfolk avatars
  6 centaur warriors
  5 anacondas
  4 merfolk aquamancers
  30 dancing weapons
  A death knight (D:15)
  2 deep troll earth magi
  A catoblepas (Shoals:3)
  A deep troll shaman (D:15)
  3 tengu warriors
  2 death yaks (Shoals:2)
  7 ogre magi
  Urug (Orc:1)
  An orc high priest (Elf:1)
  A vampire mage (Vaults:3)
  9 naga sharpshooters
  6 shock serpents
  2 fire crabs (Shoals:2)
  28 deep elf knights
  A small abomination (Elf:3)
  A salamander mystic (Snake:2)
  2 skeletal warriors (D:15)
  A flayed ghost (Vaults:4)
  4 wizards
  3 unseen horrors
  An entropy weaver zombie (Vaults:3)
  A kraken simulacrum (Shoals:4)
  4 deep trolls
  9 sea snakes
  10 deep elf archers
  4 naga ritualists
  Pikel (D:4)
  60 deep elf magi
  13 orc knights
  2 necromancers
  A mana viper (shapeshifter) (Vaults:4)
  A wolf spider zombie (D:15)
  A shining eye (shapeshifter) (Vaults:2)
  The ghost of w0lly the Thrower, a novice CeHu of Xom (D:6)
  An orb spider (shapeshifter) (Vaults:3)
  11 mana vipers
  18 harpies
  11 ironbrand convokers
  2 orc sorcerers
  46 ugly things
  4 oklob plants (Lair:4)
  12 cyclopes
  16 manticores
  11 salamanders
  5 elephants
  6 fauns
  A salamander (shapeshifter) (D:15)
  33 black mambas
  6 merfolk sirens
  2 ice statues (IceCv)
  5 guardian serpents
  22 naga magi
  A centaur zombie (D:15)
  A guardian serpent (shapeshifter) (Vaults:1)
  11 vault sentinels
  15 spiny frogs
  A gargoyle (D:15)
  5 water nymphs
  10 rime drakes
  5 freezing wraiths
  A yaktaur (shapeshifter) (Vaults:2)
  3 kobold demonologists
  17 komodo dragons
  40 yaktaurs
  8 trolls
  A human skeleton (Vaults:3)
  2 tengu conjurers
  32 merfolk
  A queen bee (shapeshifter) (Vaults:4)
  A merfolk (shapeshifter) (Vaults:3)
  A meliai (shapeshifter) (Vaults:2)
  6 polar bears (Lair:6)
  8 hornets
  A jumping spider (shapeshifter) (Vaults:2)
  4 wind drakes
  14 blink frogs
  Grinder (D:5)
  A raiju (shapeshifter) (Elf:3)
  A meliai zombie (D:10)
  20 slime creatures
  A snapping turtle (Shoals:1)
  3 dream sheep (Shoals:2)
  A frost giant simulacrum (Vaults:1)
  15 hippogriffs
  A fire giant simulacrum (Vaults:1)
  Sigmund (D:4)
  5 air elementals
  37 yaks
  2 vampires
  6 wyverns
  2 shadows
  A tarantella (shapeshifter) (Vaults:4)
  12 water elementals
  7 fire bats
  9 wraiths
  6 fire elementals
  2 basilisks
  2 hungry ghosts
  2 vampire mosquitoes (D:15)
  4 acid dragons
  66 nagas
  8 wargs
  29 water moccasins
  3 hell hounds (D:15)
  8 porcupines
  46 orc warriors
  2 sky beasts
  26 ice beasts
  A hornet zombie (D:15)
  3 slaves (D:4)
  An eye of draining (D:10)
  A necrophage (D:9)
  A phantom (D:10)
  16 wolves
  8 boggarts (D:15)
  31 ogres
  32 centaurs
  13 crocodiles
  An elf skeleton (Vaults:3)
  3 big kobolds
  23 bullfrogs
  A wyvern zombie (D:14)
  An earth elemental (Elf:1)
  A wyvern skeleton (D:12)
  5 scorpions
  7 wights
  A howler monkey (D:9)
  10 crimson imps
  A yaktaur simulacrum (Vaults:1)
  14 hounds
  A gnoll shaman (D:5)
  2 bullfrog zombies
  6 jellies
  Crazy Yiuf (D:5)
  7 bullfrog skeletons
  13 orc priests
  6 centaur skeletons
  Natasha (twice) (D:4)
  5 iguanas
  8 worker ants
  22 orc wizards
  A hound skeleton (D:6)
  8 gnolls (D:5)
  24 adders
  3 shadow imps
  3 oozes
  2 adder skeletons
  6 worms
  2 dart slugs
  6 leopard geckos
  84 orcs
  11 bats
  8 giant cockroaches
  10 goblins
  5 hobgoblins
  13 jackals
  19 kobolds
  2 quokkas
  5 ball pythons
  7 frilled lizards
  A jackal skeleton (D:5)
  A leopard gecko skeleton (D:4)
  9 rats
  A fungus (Lair:6)
  5 plants
  A tentacle (Shoals:4)
1635 creatures vanquished.

Vanquished Creatures (collateral kills)
  Saint Roka (Vaults:1)
  A deep elf death mage (Elf:3)
  A deep elf mage (Vaults:1)
  A meliai (D:15)
  A meliai zombie (D:15)
  An orc (Vaults:1)
6 creatures vanquished.

Vanquished Creatures (others)
  A deep elf knight (Elf:2)
  An orc warrior (Vaults:1)
  7 fungi
  25 plants
  15 tentacles (Shoals:4)
49 creatures vanquished.

Grand Total: 1690 creatures vanquished

Notes
Turn   | Place    | Note
-------+----------+-------------------------------------------
     0 | D:1      | eccles the Minotaur Berserker began the quest for the Orb.
     0 | D:1      | Reached XP level 1. HP: 19/19 MP: 0/0
   152 | D:1      | Reached XP level 2. HP: 24/27 MP: 1/1
   476 | D:1      | Reached XP level 3. HP: 31/33 MP: 2/2
   705 | D:2      | Reached ** piety under Trog
   748 | D:2      | Reached XP level 4. HP: 13/41 MP: 3/3
   750 | D:2      | Reached skill level 5 in Long Blades
  1070 | D:2      | Found a hazy altar of Hepliaklqana.
  1071 | D:2      | Found a shimmering altar of Xom.
  1071 | D:2      | Noticed a yak
  1690 | D:2      | Noticed a yak
  1691 | D:2      | Noticed a spectral ugly thing
  1734 | D:3      | Noticed an ogre
  1740 | D:3      | Killed an ogre
  1740 | D:3      | Reached XP level 5. HP: 47/47 MP: 4/4
  1971 | D:3      | Reached *** piety under Trog
  2061 | D:3      | Reached skill level 5 in Fighting
  2061 | D:3      | Reached XP level 6. HP: 53/56 MP: 5/5
  2156 | D:4      | Found an iron altar of Okawaru.
  2156 | D:4      | Found an ancient bone altar of Kikubaaqudgha.
  2581 | D:4      | Noticed Sigmund
  2587 | D:4      | Killed Sigmund
  2659 | D:4      | Reached XP level 7. HP: 50/61 MP: 6/6
  2686 | D:4      | Gained mutation: Your magical capacity is low. (-10% MP) [potion of mutation]
  2686 | D:4      | Gained mutation: You are resistant to hostile enchantments. (MR+) [potion of mutation]
  2737 | D:4      | Reached skill level 5 in Armour
  2776 | D:4      | Found a bloodstained altar of Trog.
  3145 | D:4      | Reached skill level 1 in Shields
  3382 | D:4      | Noticed Pikel
  3402 | D:4      | Noticed Natasha
  3411 | D:4      | Killed Pikel
  3411 | D:4      | Reached skill level 2 in Shields
  3411 | D:4      | Reached XP level 8. HP: 70/70 MP: 6/6
  3413 | D:4      | Killed Natasha
  3587 | D:4      | Noticed Natasha
  3595 | D:4      | Killed Natasha
  3740 | D:5      | Entered Level 5 of the Dungeon
  3954 | D:5      | Found a runed door.
  3958 | D:5      | Noticed Crazy Yiuf
  3963 | D:5      | Killed Crazy Yiuf
  4148 | D:5      | Reached **** piety under Trog
  4379 | D:5      | Noticed Grinder
  4407 | D:5      | Killed Grinder
  4407 | D:5      | Reached skill level 1 in Stealth
  4476 | D:5      | Found a deep blue altar of Sif Muna.
  4807 | D:6      | Received a gift from Trog
  4833 | D:6      | Noticed w0lly's ghost (novice CeHu)
  4850 | D:6      | Killed w0lly's ghost
  4850 | D:6      | Reached skill level 10 in Long Blades
  4850 | D:6      | Reached skill level 3 in Shields
  4850 | D:6      | Reached XP level 9. HP: 66/79 MP: 7/7
  5219 | D:6      | Reached skill level 5 in Dodging
  5483 | D:7      | Found a staircase to the Ecumenical Temple.
  5571 | D:7      | Found Wuenteop's Armour Shoppe.
  5631 | D:7      | Reached skill level 4 in Shields
  5632 | D:7      | Found Plog's Jewellery Boutique.
  5740 | D:7      | Found Anai's Antique Weapon Boutique.
  5742 | D:7      | Bought a glowing arbalest for 232 gold pieces
  6071 | D:7      | Found Iferoul's Gadget Emporium.
  6280 | D:7      | Found a basalt altar of Yredelemnul.
  6723 | D:8      | Found a white marble altar of Elyvilon.
  6904 | D:9      | Found Hoju's Jewellery Shoppe.
  6909 | D:9      | Reached XP level 10. HP: 88/88 MP: 8/8
  7021 | D:9      | Reached ***** piety under Trog
  7083 | D:9      | Reached skill level 5 in Shields
  8014 | D:10     | Entered Level 10 of the Dungeon
  8323 | D:10     | Found a staircase to the Lair.
  8701 | D:10     | Reached skill level 6 in Shields
  8723 | D:10     | Found a staircase to the Orcish Mines.
  8825 | D:10     | Reached XP level 11. HP: 96/97 MP: 8/8
  9010 | Lair:1   | Entered Level 1 of the Lair of Beasts
  9119 | Lair:1   | Got a pair of heavily runed gloves
  9125 | Lair:1   | Identified the +2 pair of gloves of Serendipity {rF+} (You found it on level 1 of the Lair of Beasts)
  9260 | Lair:1   | Noticed a five-headed hydra
  9531 | Lair:1   | You fall through a shaft!
  9616 | Lair:1   | Reached skill level 10 in Fighting
  9756 | Lair:1   | Reached skill level 1 in Polearms
  9959 | Lair:1   | Killed a five-headed hydra
  9959 | Lair:1   | Reached skill level 10 in Armour
 10088 | Lair:2   | Received a gift from Trog
 10108 | Lair:2   | Noticed an eight-headed hydra
 10416 | Lair:2   | Killed an eight-headed hydra
 10416 | Lair:2   | Reached skill level 1 in Maces & Flails
 10416 | Lair:2   | Reached skill level 7 in Shields
 10982 | Lair:2   | Reached XP level 12. HP: 102/108 MP: 10/10
 11120 | Lair:2   | Found a staircase to the Snake Pit.
 11358 | Lair:3   | Noticed an eight-headed hydra
 11376 | Lair:3   | Killed an eight-headed hydra
 11376 | Lair:3   | Reached skill level 1 in Throwing
 11614 | Lair:3   | Reached skill level 8 in Shields
 11787 | Lair:3   | Noticed a four-headed hydra
 11799 | Lair:3   | Killed a four-headed hydra
 11863 | Lair:3   | Noticed a five-headed hydra
 11873 | Lair:3   | Killed a five-headed hydra
 11895 | Lair:3   | Reached skill level 5 in Maces & Flails
 12225 | Lair:3   | Got a shimmering emerald amulet
 12228 | Lair:3   | Identified the amulet of Miuno {+Rage rElec rF+ rC+} (You found it on level 3 of the Lair of Beasts)
 12655 | Lair:4   | Found a staircase to the Shoals.
 12672 | Lair:4   | Received a gift from Trog
 12702 | Lair:4   | Reached skill level 9 in Shields
 12836 | Lair:4   | Found the +0 pair of fencer's gloves {+Riposte Dex+3}
 13451 | Lair:4   | Reached XP level 13. HP: 117/117 MP: 10/10
 13504 | Lair:4   | Reached skill level 1 in Crossbows
 13548 | Lair:4   | Found the +8 whip "Snakebite" {curare, rPois}
 14437 | Lair:6   | Entered Level 6 of the Lair of Beasts
 14917 | Lair:6   | Received a gift from Trog
 15186 | Lair:6   | Found a staircase to the Slime Pits.
 15613 | Lair:6   | Reached skill level 10 in Shields
 15795 | Lair:6   | Noticed a dire elephant
 15810 | Lair:6   | Killed a dire elephant
 16040 | Lair:6   | Reached XP level 14. HP: 129/129 MP: 11/11
 16553 | Orc:1    | Entered Level 1 of the Orcish Mines
 16562 | Orc:1    | Noticed a stone giant
 16598 | D:10     | Killed a stone giant
 16875 | Orc:1    | Reached skill level 10 in Maces & Flails
 16922 | Orc:1    | Noticed Urug
 16939 | Orc:1    | Killed Urug
 17017 | Orc:1    | Received a gift from Trog
 17144 | Orc:2    | Entered Level 2 of the Orcish Mines
 17296 | Orc:2    | Found a staircase to the Elven Halls.
 18203 | Orc:2    | Found Zotorykh's Assorted Antiques.
 18239 | Orc:2    | Bought a scroll of identify for 58 gold pieces
 18239 | Orc:2    | Bought a scroll of identify for 58 gold pieces
 18239 | Orc:2    | Bought a scroll of identify for 58 gold pieces
 18239 | Orc:2    | Bought a scroll labeled BUETEMA ASIQ for 29 gold pieces
 18271 | Orc:2    | Found Guuk's Distillery.
 18274 | Orc:2    | Reached skill level 11 in Shields
 18353 | Orc:2    | Found Megonkuodd's Armour Shop.
 18568 | Orc:2    | Found Hinn's General Store.
 18568 | Orc:2    | Found Juog's Assorted Antiques.
 18570 | Orc:2    | Found Megasup's Weapon Shop.
 18572 | Orc:2    | Found Ulaadwak's Gadget Shoppe.
 18960 | D:11     | Found a frozen archway.
 19003 | IceCv    | Entered an ice cave
 19091 | IceCv    | Received a gift from Trog
 19749 | IceCv    | Got a twitching brass ring
 19766 | IceCv    | Identified the ring "Eliogah" {rPois rN+ Str-2 Dex+5 SInv} (You found it in an ice cave)
 19990 | D:11     | Noticed Gastronok
 20012 | D:11     | Killed Gastronok
 20073 | D:11     | Received a gift from Trog
 21503 | D:12     | Found Qayggogra's Jewellery Shoppe.
 21898 | D:13     | Reached skill level 15 in Long Blades
 22084 | D:13     | Found the +7 great mace "Firestarter" {inner flame, rF++}
 22139 | D:13     | Reached XP level 15. HP: 127/139 MP: 12/12
 22167 | D:13     | Received a gift from Trog
 22168 | D:13     | Found Xiuclosh's Gadget Emporium.
 22221 | D:13     | You fall through a shaft for 2 floors!
 22221 | D:15     | Entered Level 15 of the Dungeon
 22301 | D:15     | Noticed Louise
 22734 | D:14     | Reached skill level 12 in Shields
 22773 | D:14     | Reached ****** piety under Trog
 22898 | D:14     | Found a gate to the Vaults.
 23054 | D:14     | Reached skill level 15 in Fighting
 23094 | D:14     | Found a radiant altar of Vehumet.
 23150 | D:14     | Received a gift from Trog
 24393 | D:15     | Noticed w0lly's ghost (journeyman MiBe)
 24443 | D:15     | Killed w0lly's ghost
 24519 | D:15     | Killed Louise
 25129 | D:15     | Got a twitching granite ring
 25146 | D:15     | Identified the ring "Waustr Meesh" {rElec Dex+4 Stlth-} (You found it on level 15 of the Dungeon)
 25198 | D:15     | Found Gax Agg's Antique Weapon Boutique.
 25294 | D:15     | Noticed Josephine
 25309 | D:15     | Killed Josephine
 25309 | D:15     | Reached skill level 13 in Shields
 25420 | D:15     | Noticed a fire giant
 25430 | D:15     | Killed a fire giant
 25443 | D:15     | Received a gift from Trog
 25500 | D:15     | Got a fine jade ring
 25586 | D:15     | Reached XP level 16. HP: 133/150 MP: 13/13
 25599 | D:15     | Found Ohoess's Weapon Shop.
 25660 | D:15     | Noticed Azrael
 25726 | D:15     | Killed Azrael
 25823 | D:15     | Got a fine steel ring
 25827 | D:15     | Identified the ring of Bacor {Fire rN+ MR++ Str+3 Slay-4} (You found it on level 15 of the Dungeon)
 25835 | D:15     | Identified the ring of Xunos {Wiz *Slow rC+ rN+ MR+} (You found it on level 15 of the Dungeon)
 26014 | D:15     | Found Worez's Armour Shoppe.
 26210 | D:15     | Found a staircase to the Depths.
 26370 | D:14     | Reached skill level 14 in Shields
 26558 | Snake:1  | Entered Level 1 of the Snake Pit
 26602 | Snake:1  | Reached skill level 15 in Armour
 26614 | Lair:2   | Received a gift from Trog
 27398 | Snake:1  | Found Zuecru Feha's Magic Scroll Shoppe.
 27420 | Snake:1  | Bought a scroll of identify for 32 gold pieces
 27925 | Snake:2  | Received a gift from Trog
 27995 | Snake:2  | Reached skill level 15 in Shields
 28740 | Snake:3  | Reached XP level 17. HP: 160/160 MP: 14/14
 28869 | Snake:3  | Found a flickering gateway to a bazaar.
 28882 | Bazaar   | Entered a bazaar
 28882 | Bazaar   | Found Bohi's Antique Armour Emporium.
 28885 | Bazaar   | Found Ryassyhi's Antique Weapon Boutique.
 28922 | Bazaar   | Found Xufeq's Jewellery Emporium.
 28931 | Bazaar   | Found Saucanyps's Jewellery Shoppe.
 29147 | Snake:3  | Received a gift from Trog
 29420 | Snake:4  | Entered Level 4 of the Snake Pit
 30137 | Snake:4  | Reached skill level 16 in Shields
 30208 | Snake:4  | Reached skill level 10 in Dodging
 30460 | Snake:4  | Received a gift from Trog
 30896 | Snake:4  | Got a serpentine rune of Zot
 31080 | Snake:4  | Reached skill level 17 in Shields
 31484 | Shoals:1 | Entered Level 1 of the Shoals
 31868 | Shoals:1 | Received a gift from Trog
 32216 | Shoals:2 | Reached XP level 18. HP: 172/172 MP: 15/15
 32315 | Shoals:2 | Noticed Polyphemus
 32351 | Shoals:2 | Killed Polyphemus
 33654 | Shoals:2 | Noticed Frances
 33670 | Shoals:2 | Reached skill level 18 in Shields
 34058 | Shoals:1 | Killed Frances
 34187 | Shoals:2 | Received a gift from Trog
 35246 | Shoals:3 | Noticed Ilsuiw
 35313 | Shoals:3 | Killed Ilsuiw
 35501 | Shoals:4 | Entered Level 4 of the Shoals
 35666 | Shoals:4 | Received a gift from Trog
 35717 | Shoals:4 | Reached skill level 19 in Shields
 35761 | Shoals:4 | Got a barnacled rune of Zot
 36560 | Lair:6   | Got a scorched trident
 36591 | Slime:1  | Entered Level 1 of the Pits of Slime
 36974 | Vaults:1 | Entered Level 1 of the Vaults
 37109 | Vaults:1 | Identified a scroll of acquirement
 37203 | Vaults:1 | Noticed Aizul
 37227 | Vaults:1 | Killed Aizul
 37371 | Vaults:1 | Received a gift from Trog
 37459 | Vaults:1 | Reached XP level 19. HP: 181/181 MP: 16/16
 38176 | Vaults:1 | Received a gift from Trog
 38420 | Vaults:1 | Noticed Saint Roka
 38445 | Vaults:1 | Killed Saint Roka
 38445 | Vaults:1 | Reached skill level 20 in Shields
 38491 | Vaults:1 | Noticed Donald
 38509 | Vaults:1 | Killed Donald
 38744 | Vaults:2 | Noticed Sojobo
 38800 | Vaults:1 | Killed Sojobo
 39452 | Vaults:2 | Received a gift from Trog
 40448 | Vaults:2 | Received a gift from Trog
 40486 | Vaults:2 | Identified the cursed +1 trident of Wurghuvo {pierce, rC+ Str+4} (You found it on level 6 of the Lair of Beasts)
 40573 | Vaults:2 | Reached XP level 20. HP: 193/193 MP: 17/17
 40889 | Vaults:3 | Reached skill level 21 in Shields
 41079 | Vaults:3 | Noticed Bai Suzhen
 41098 | Vaults:3 | Killed Bai Suzhen
 41479 | Vaults:3 | Received a gift from Trog
 41997 | Vaults:3 | Found Ykitz's Distillery.
 42006 | Vaults:3 | Bought a potion of heal wounds for 110 gold pieces
 42006 | Vaults:3 | Bought a potion of curing for 66 gold pieces
 42006 | Vaults:3 | Bought a potion of curing for 66 gold pieces
 42006 | Vaults:3 | Bought a potion of curing for 66 gold pieces
 42006 | Vaults:3 | Bought a potion of curing for 66 gold pieces
 42006 | Vaults:3 | Bought a potion of curing for 66 gold pieces
 42006 | Vaults:3 | Bought a potion of curing for 66 gold pieces
 42054 | Vaults:3 | Found a staircase to the Crypt.
 42186 | Vaults:3 | Noticed Frederick
 42207 | Vaults:3 | Killed Frederick
 42734 | Vaults:4 | Found Yvomuuxe's Assorted Antiques.
 42762 | Vaults:4 | Bought a scroll of enchant weapon for 285 gold pieces
 42806 | Vaults:4 | Received a gift from Trog
 42836 | Vaults:4 | Found Wodd's Antique Armour Boutique.
 42846 | Vaults:4 | Bought a pair of faintly humming boots for 313 gold pieces
 42854 | Vaults:4 | Identified the +3 pair of boots of the Morning {rF+ rC+} (You bought it in a shop on level 4 of the Vaults)
 43514 | Vaults:4 | Found Vonaesm Taeg's Antique Weapon Shop.
 43515 | Vaults:4 | Found Buekio's Book Boutique.
 43714 | Vaults:4 | Found Usuvirug's Jewellery Shop.
 43978 | Elf:1    | Entered Level 1 of the Elven Halls
 43984 | Elf:1    | Reached skill level 22 in Shields
 44195 | Elf:1    | Received a gift from Trog
 44810 | Elf:1    | Reached XP level 21. HP: 202/202 MP: 18/18
 44923 | Elf:2    | Found Zinitusi's Distillery.
 44944 | Elf:2    | Bought a potion of curing for 54 gold pieces
 44944 | Elf:2    | Bought a potion of heal wounds for 90 gold pieces
 44944 | Elf:2    | Bought a potion of curing for 54 gold pieces
 44944 | Elf:2    | Bought a potion of curing for 54 gold pieces
 44976 | Elf:2    | Received a gift from Trog
 44986 | Elf:2    | Identified the cursed +3 demon trident "Meesad" {flame, Dex+3 SInv} (You found it on level 2 of the Elven Halls)
 45247 | Elf:2    | Found a runed gate.
 45247 | Elf:2    | Found a runed gate.
 45252 | Elf:2    | Found a runed gate.
 45655 | Elf:3    | Entered Level 3 of the Elven Halls
 45813 | Elf:3    | Received a gift from Trog
 46962 | Elf:3    | Reached skill level 23 in Shields
 46968 | Elf:3    | Received a gift from Trog
 47262 | Elf:3    | Got a warped plate armour
 47277 | Elf:3    | Identified the +4 plate armour "Tiluano" {-Tele +Fly rPois Dex+6} (You took it off a deep elf blademaster on level 3 of the Elven Halls)
 47814 | Elf:3    | Got a pitted war axe {chop}
 47815 | Elf:3    | Identified the +1 war axe "Minotaur's Death" {chop, rC+ Str+3} (You took it off a deep elf annihilator on level 3 of the Elven Halls)
 47975 | Elf:3    | Received a gift from Trog
 48071 | Elf:3    | Killed from afar by a deep elf sorcerer

Skill      XL: |  1  2  3  4  5  6  7  8  9 10 11 12 13 14 15 16 17 18 19 20 21 |
---------------+----------------------------------------------------------------+-----
Long Blades    | 4 5 6 7 8 10 11 13 14 15 16 17 18 19 20 | 20.3
Fighting       | 4 5 6 7 8 9 10 11 13 14 15 16 18 19 20 21 | 21.5
Armour         | 3 4 5 7 9 11 12 13 14 15 16 | 16.8
Dodging        | 3 4 5 6 8 9 10 11 | 11.4
Shields        | 2 3 4 6 7 9 10 11 13 15 17 19 20 22 23 | 23.3
Stealth        | 1 2 3 4 |  4.1
Polearms       | 3 |  3.0
Maces & Flails | 3 6 9 12 13 | 13.5
Throwing       | 1 2 |  2.1
Crossbows      | 3 |  3.2
Evocations     | |  0.3

Action                   |  1- 3 |  4- 6 |  7- 9 | 10-12 | 13-15 | 16-18 | 19-21 || total
-------------------------+-------+-------+-------+-------+-------+-------+-------++-------
Melee: Falchion          |    81 |   100 |   314 |       |       |       |       ||   495
       Headbutt          |    10 |    18 |   111 |   162 |   547 |   916 |   938 ||  2702
       Scimitar          |       |       |    55 |   486 |       |       |       ||   541
       Spear             |       |       |       |    65 |       |       |       ||    65
       Mace              |       |       |       |    69 |       |       |       ||    69
       Double sword      |       |       |       |     3 |    92 |       |       ||    95
       Whip              |       |       |       |       |  1644 |   294 |       ||  1938
       Demon blade       |       |       |       |       |       |  2320 |  2345 ||  4665
 Fire: Hand crossbow     |       |       |       |    39 |       |       |       ||    39
Throw: Tomahawk          |       |       |     2 |     5 |     1 |     6 |     4 ||    18
Invok: Berserk           |     1 |     2 |     1 |     7 |     9 |    14 |     4 ||    38
       Burn Spellbooks   |       |       |       |       |     3 |     3 |     5 ||    11
       Brothers in Arms  |       |       |       |       |       |     1 |     2 ||     3
Evoke: Wand              |       |       |       |    11 |    10 |     5 |     1 ||    27
  Use: Scroll            |     4 |     4 |     8 |    10 |    16 |     9 |    14 ||    65
       Potion            |     1 |     3 |     4 |     4 |     8 |     8 |     2 ||    30
 Stab: Sleeping          |     1 |       |       |       |       |     2 |       ||     3
       Distracted        |       |       |     1 |       |       |     1 |     1 ||     3
  Eat: Chunk             |       |     5 |     9 |    13 |    19 |    22 |    27 ||    95
       Ration            |       |     1 |     2 |     5 |     8 |    11 |     6 ||    33
Armor: Animal skin       |     4 |       |       |       |       |       |       ||     4
       Ring mail         |    26 |     4 |    19 |       |       |       |       ||    49
       Scale mail        |       |    34 |    43 |       |       |       |       ||    77
       Chain mail        |       |       |    59 |       |       |       |       ||    59
       Plate armour      |       |       |       |   410 |   379 |       |   271 ||  1060
       Ice dragon scales |       |       |       |       |   243 |   552 |    48 ||   843
Dodge: Dodged            |    38 |    42 |   143 |   274 |   549 |   792 |   405 ||  2243
Block: Buckler           |     5 |    12 |    60 |   172 |   391 |       |       ||   640
       Shield            |       |       |       |       |    93 |   636 |       ||   729
       Large shield      |       |       |       |       |       |  1600 |  1838 ||  3438
       Rpst.: Falchion   |    10 |    10 |    35 |       |       |       |       ||    55
       Scimitar          |       |       |     5 |    33 |       |       |       ||    38
       Double sword      |       |       |       |       |     8 |       |       ||     8
       Demon blade       |       |       |       |       |       |   152 |   142 ||   294
